 Dungeon Crawl Stone Soup version 0.20.1-2-g1830e616b0 (webtiles) character file.

513 Alfie the Shooter (level 7, -17/52 HPs)
             Began as a Human Hunter on Jan 15, 2020.
             Demolished by an ogre
             ... wielding a +0 giant spiked club
              (21 damage)
             ... on level 4 of the Dungeon.
             The game lasted 00:17:17 (3412 turns).

Alfie the Shooter (Human Hunter)                    Turns: 3412, Time: 00:17:17

Health: -17/52     AC:  5    Str: 15    XL:     7   Next: 43%
Magic:  7/7        EV: 12    Int: 11    God:
Gold:   131        SH:  0    Dex: 13    Spells: 6/6 levels left

rFire    . . .     SeeInvis .   a - +1 shortbow
rCold    . . .     Gourm    .   (shield currently unavailable)
rNeg     . . .     Faith    .   c - +1 leather armour
rPois    .         Spirit   .   (no helmet)
rElec    .         Reflect  .   (no cloak)
rCorr    .         Harm     .   l - +0 pair of gloves
MR       +....                  (no boots)
Stlth    +.........             (no amulet)
Regen    0.2/turn               m - ring of protection from magic
MPRegen  0.1/turn               (no ring)

@: about to teleport
A: no striking features
a: no special abilities


You were on level 4 of the Dungeon.
You were not hungry.

You visited 1 branch of the dungeon, and saw 4 of its levels.

You collected 131 gold pieces.

Inventory:

Hand Weapons
 a - a +1 shortbow (weapon)
 b - a +1 short sword
 p - the +3 hand axe of Foke {speed, rElec, unknown}
   (You found it on level 4 of the Dungeon)

   Attacks with this weapon are significantly faster.
   It insulates you from electricity.
Armour
 c - a +1 leather armour (worn)
 l - a +0 pair of gloves (worn)
Jewellery
 g - an uncursed ring of magical power
 k - an uncursed amulet of harm
 m - a ring of protection from magic (left hand)
 q - an uncursed amulet of rage {unknown}
Potions
 e - a potion of might {unknown}
 h - a potion of lignification
 n - a potion of agility
Comestibles
 f - 4 bread rations
 i - 2 royal jellies
 j - 3 meat rations
 o - 4 fruits


   Skills:
 + Level 3.2 Fighting
 + Level 1.3 Short Blades
 + Level 7.1 Bows
 + Level 2.0 Armour
 + Level 2.6 Dodging
 + Level 1.3 Stealth


You had 6 spell levels left.
You didn't know any spells.

Dungeon Overview and Level Annotations

Branches:
Dungeon (4/15)
 Temple: D:4-7

Altars:
Trog


Message History

The ogre closely misses you.
Firing (i - inventory):
d - 2 arrows (quivered)
Press: ? - help, Shift-Dir - straight line, f/p - ogre
Aim: an ogre, wielding a giant spiked club (lightly wounded)
You shoot an arrow.
The arrow hits the ogre but does no damage.
The ogre is lightly wounded.
Firing (i - inventory):
d - an arrow (quivered)
Press: ? - help, Shift-Dir - straight line, f/p - ogre
Aim: an ogre, wielding a giant spiked club (lightly wounded)
You shoot an arrow. The arrow barely misses the ogre.
The ogre hits you with a giant spiked club!!
* * * LOW HITPOINT WARNING * * *
Firing (i - inventory): No suitable missiles.
Press: ? - help, Shift-Dir - straight line, f - you, p - ogre
Okay, then.
As you read the scroll of teleportation, it crumbles to dust.
You feel strangely unstable.
The ogre hits you with a giant spiked club!!
You die...

.....#..................
.....###'###############
................
................
................
................
................
............############
##'#........#...@O.....(
...#.)......+...........
...#........#...........
...#........#......##...
...#........#......## ..
...#........#.......#...
...+........#.......'..
...#........#......#######
.###........#......# .....


You could see an ogre.

Vanquished Creatures
  The ghost of Alfie the Shooter, an amateur HuHu (D:4)
  A phantom (D:4)
  A hound (D:4)
  2 orc wizards
  A bullfrog skeleton (D:4)
  A gnoll (D:1)
  5 adders
  2 oozes
  An adder skeleton (D:4)
  6 worms
  4 dart slugs
  3 leopard geckos
  6 orcs
  6 giant cockroaches
  12 goblins
  7 hobgoblins
  4 jackals (D:2)
  2 quokkas
  6 bats
  4 frilled lizards
  7 kobolds
  A leopard gecko skeleton (D:4)
  9 rats
92 creatures vanquished.

Notes
Turn   | Place    | Note
-------+----------+-------------------------------------------
     0 | D:1      | Alfie the Human Hunter began the quest for the Orb.
     0 | D:1      | Reached XP level 1. HP: 16/16 MP: 1/1
   224 | D:1      | Reached XP level 2. HP: 22/22 MP: 2/2
   313 | D:1      | Reached XP level 3. HP: 21/27 MP: 3/3
   712 | D:2      | Reached skill level 5 in Bows
   719 | D:2      | Reached XP level 4. HP: 33/33 MP: 4/4
  1581 | D:3      | Noticed a moth of wrath
  1584 | D:3      | Found a bloodstained altar of Trog.
  1616 | D:3      | Reached XP level 5. HP: 34/38 MP: 5/5
  1669 | D:3      | Reached skill level 1 in Armour
  2104 | D:3      | Reached skill level 6 in Bows
  2378 | D:3      | Reached XP level 6. HP: 46/46 MP: 6/6
  2893 | D:4      | Got a brightly glowing hand axe
  2896 | D:4      | Noticed a phantom
  2955 | D:4      | Killed a phantom
  2955 | D:4      | Reached skill level 1 in Short Blades
  3352 | D:4      | Reached XP level 7. HP: 47/51 MP: 7/7
  3357 | D:4      | Noticed Alfie's ghost (amateur HuHu)
  3406 | D:4      | Killed Alfie's ghost
  3406 | D:4      | Reached skill level 7 in Bows
  3412 | D:4      | Demolished by an ogre

Skill      XL: |  1  2  3  4  5  6  7 |
---------------+----------------------+-----
Bows           | 5 6 7 |  7.1
Armour         | 1 2 |  2.0
Short Blades   | 1 |  1.3
Fighting       | 3 |  3.2
Dodging        | |  2.6
Stealth        | |  1.3

Action                   |  1- 3 |  4- 6 |  7- 9 || total
-------------------------+-------+-------+-------++-------
Melee: Short sword       |     5 |    38 |       ||    43
 Fire: Shortbow          |    58 |   202 |    27 ||   287
  Use: Scroll            |     4 |    10 |     1 ||    15
       Potion            |       |     1 |       ||     1
  Eat: Royal jelly       |       |     1 |       ||     1
       Fruit             |       |     6 |       ||     6
Armor: Leather armour    |     3 |    25 |     1 ||    29
       Skin              |       |    17 |       ||    17
Dodge: Dodged            |    20 |    40 |    11 ||    71
